 Dungeon Crawl Stone Soup version 0.24-a0-157-g36218c0 (webtiles) character file.

Game seed: 1975270925625686271

72 MatthieuS the Sneak (level 4, -3/26 HPs)
             Began as a Deep Elf Wanderer on Mar 4, 2019.
             Slain by a gnoll
             ... wielding a +0 quarterstaff
              (12 damage)
             ... on level 1 of the Dungeon.
             The game lasted 00:04:01 (2092 turns).

MatthieuS the Sneak (Deep Elf Wanderer)             Turns: 2092, Time: 00:04:01

Health: -3/26      AC:  4    Str: 11    XL:     4   Next: 7%
Magic:  2/8        EV: 10    Int: 17    God:
Gold:   85         SH:  0    Dex: 13    Spells: 1/6 levels left

rFire    . . .     SeeInvis .   a - +2 short sword
rCold    . . .     Gourm    .   (no shield)
rNeg     . . .     Faith    .   f - +0 leather armour
rPois    .         Spirit   .   j - +0 helmet
rElec    .         Reflect  .   (no cloak)
rCorr    .         Harm     .   (no gloves)
MR       .....                  (no boots)
Stlth    ++........             (no amulet)
HPRegen  0.08/turn              (no ring)
MPRegen  0.11/turn              (no ring)

@: very slightly contaminated
A: no striking features
a: no special abilities


You were on level 1 of the Dungeon.
You were not hungry.

You visited 1 branch of the dungeon, and saw 2 of its levels.

You collected 85 gold pieces.

Inventory:

Hand Weapons
 a - a +2 short sword (weapon)
Armour
 d - a +0 robe
 f - a +0 leather armour (worn)
   (You found it on level 1 of the Dungeon)
 j - a +0 helmet (worn)
   (You found it on level 1 of the Dungeon)
Scrolls
 h - a scroll of fog {unknown}
 l - a scroll of fear {unknown}
 m - 4 scrolls of identify {unknown}
Potions
 b - a potion of lignification {!q}
 c - 2 potions of curing {@q1}
 g - a potion of berserk rage {unknown}
 i - 2 potions of mutation {unknown}
 k - a potion of cancellation {unknown}
 o - a potion of degeneration {unknown}
Comestibles
 e - 3 rations
 n - 3 chunks of flesh


   Skills:
 - Level 2.0 Fighting
 - Level 3.7 Short Blades
 - Level 4.6 Stealth
 + Level 1.5 Spellcasting
 + Level 0.0 Conjurations
 + Level 0.0 Summonings
 + Level 0.0 Translocations
   Level 2.0 Air Magic


You had one spell level left.
You knew the following spells:

 Your Spells              Type           Power        Failure   Level  Hunger
a - Magic Dart            Conj           #...         26%         1    ##.....
b - Blink                 Tloc           N/A          38%         2    ###....
c - Call Imp              Summ           #.......     38%         2    ###....

Your spell library contained the following spells:

 Spells                   Type           Power        Failure   Level  Hunger
 Slow                     Hex            #.......     38%         2    ###....
 Mephitic Cloud           Conj/Pois/Air  #.......     52%         3    ####...
 Conjure Flame            Conj/Fire      #.......     63%         3    ####...


Dungeon Overview and Level Annotations

Branches:
Dungeon (2/15)

Altars:


Message History

You now have 85 gold pieces (gained 10).
n - 3 chunks of flesh (gained 1)
Things that are here:
a +0 club; a goblin skeleton A gnoll and a kobold come into view.
A gnoll comes into view. It is wielding a +0 quarterstaff.
The gnoll moves out of view. x2
A kobold is nearby!
Aim: a kobold, wielding a +0 short sword (hasn't noticed you)
The magic dart hits the kobold.
You kill the kobold!
You hear a shout!
Aim: a gnoll, wielding a +0 quarterstaff and wearing a +0 leather armour The magic dart hits the gnoll.
Aim: a gnoll, wielding a +0 quarterstaff and wearing a +0 leather armour (lightly wounded)
You miscast Magic Dart.
You are very lightly contaminated with residual magic.
Wisps of smoke drift from your hands.
The gnoll shouts!
You hear a shout!
Aim: a gnoll, wielding a +0 quarterstaff and wearing a +0 leather armour (lightly wounded)
The magic dart hits the gnoll but does no damage.
Aim: a gnoll, wielding a +0 quarterstaff and wearing a +0 leather armour (lightly wounded)
The magic dart hits the gnoll.
Aim: a gnoll, wielding a +0 quarterstaff and wearing a +0 leather armour (moderately wounded)
The magic dart hits the gnoll but does no damage.
The gnoll barely misses you.
Aim: a gnoll, wielding a +0 quarterstaff and wearing a +0 leather armour (moderately wounded)
The magic dart hits the gnoll but does no damage.
The gnoll hits you but does no damage.
You hit the gnoll.
The gnoll hits you with a +0 quarterstaff!
You closely miss the gnoll. The gnoll hits you but does no damage.
Unknown command.
You hit the gnoll.
The gnoll drinks a potion.
The gnoll is healed!
Aim: a gnoll, wielding a +0 quarterstaff and wearing a +0 leather armour The magic dart hits the gnoll but does no damage.
The gnoll barely misses you.
Your magical contamination has completely faded away.
Aim: a gnoll, wielding a +0 quarterstaff and wearing a +0 leather armour You miscast Magic Dart.
You are very lightly contaminated with residual magic.
You smell something strange.
The gnoll misses you.
There is a stone staircase leading up here.
The gnoll hits you with a +0 quarterstaff!
* * * LOW HITPOINT WARNING * * *
You climb upwards.
There is a stone staircase leading down here.
You closely miss the gnoll.
The gnoll hits you with a +0 quarterstaff!
You die...

#.##....#..## #.##..##.#..###
########### #.##..#.###...#
#....#....#
#.##...#.#..#.#####.#..#.#..##
#.###.###.#.#.#...#.##.#.#....
#.# #..#.##.#.#.#.#...........
#.# ##..#...#...#.#..##.#.....
#.######......g.#.#.....#.###.
#............@....##....#.###.
########.....####.(.....#.#...
#)........(.(......#.##
########..######......)....##
#...รท..........(.............
#.####.#.#.#.#############.##
#.#...#.#.#.#.# #.....### #
#.#.#..#.#.#.## #.###.... #
#.#.#.#.#.#.#.# #.#######


You could see a gnoll.

Vanquished Creatures
  2 adders (D:2)
  A dart slug (D:1)
  3 leopard geckos (D:1)
  6 giant cockroaches
  4 goblins
  4 hobgoblins
  2 jackals (D:1)
  A quokka (D:2)
  8 bats
  2 frilled lizards (D:1)
  6 kobolds
  8 rats
47 creatures vanquished.

Notes
Turn   | Place    | Note
-------+----------+-------------------------------------------
     0 | D:1      | MatthieuS the Deep Elf Wanderer began the quest for the
                  | Orb.
     0 | D:1      | MatthieuS set off with the following items: a +2 short
                  | sword, a potion of lignification {!q}, a potion of curing
                  | {@q1}, a +0 robe, a ration, a +0 dagger
     0 | D:1      | Reached XP level 1. HP: 12/12 MP: 5/5
   264 | D:1      | Reached XP level 2. HP: 16/16 MP: 6/6
   303 | D:1      | Reached skill level 4 in Stealth
  1063 | D:1      | Reached XP level 3. HP: 17/21 MP: 7/7
  1766 | D:2      | Reached XP level 4. HP: 18/26 MP: 8/8
  2007 | D:2      | Learned a level 1 spell: Magic Dart
  2010 | D:2      | Learned a level 2 spell: Blink
  2013 | D:2      | Learned a level 2 spell: Call Imp
  2092 | D:1      | Slain by a gnoll

Levels and vault maps discovered:
D:1:      lightli_arrival_chessboard, layout_basic, st_stairs_4, minmay_tripent
D:2:      layout_basic, first_ration, serial_rivers,
          chequers_serial_rivers_room_b, chequers_serial_rivers_micro_d,
          chequers_serial_rivers_micro_d, chequers_serial_rivers_micro_c,
          chequers_serial_rivers_room_a, hangedman_decor_diamond_cutter,
          chequers_mini_garden, uniq_terence

Skill      XL: |  1  2  3 |
---------------+----------+-----
Stealth        | 4 |  4.6
Fighting       | 2 |  2.0
Short Blades   | |  3.7
Spellcasting   | |  1.5
Air Magic      | |  2.0

Action                   |  1- 3 |  4- 6 || total
-------------------------+-------+-------++-------
Melee: Short sword       |   114 |     9 ||   123
 Cast: Magic Dart        |       |     7 ||     7
 Stab: Sleeping          |     7 |     1 ||     8
  Eat: Chunk             |     3 |     1 ||     4
Armor: Leather armour    |    41 |     1 ||    42
Dodge: Dodged            |    57 |     4 ||    61

Table legend:
 A = Non-vault XP
 B = Vault XP
 C = Vault XP percentage of total XP
 D = Non-vault monster count
 E = Vault monster count
 F = Vault count percentage of total count
                 A         B        C        D         E       F
            +---------+---------+-------+---------+---------+-------
      Total |      97 |       7 |   6.7 |      43 |       4 |   8.5
            +---------+---------+-------+---------+---------+-------
        D:1 |      55 |       7 |  11.3 |      32 |       4 |  11.1
        D:2 |      42 |       0 |   0.0 |      11 |       0 |   0.0
            +---------+---------+-------+---------+---------+-------
